 Dungeon Crawl Stone Soup version 0.30-a0-743-gbfdf073431 (webtiles) character file.

Game seed: 6154374649012230517

112 Rrauwl the Cruncher (level 4, -7/24 HPs)
             Began as a Tengu Air Elementalist on Feb 6, 2023.
             Killed from afar by Robin (9 damage)
             ... with a puff of flame
             ... on level 2 of the Dungeon.
             The game lasted 00:05:22 (1340 turns).

Rrauwl the Cruncher (Tengu Air Elementalist)        Turns: 1340, Time: 00:05:23

Health: -7/24      AC:  2    Str: 11    XL:     4   Next: 95%
Magic:  8/8        EV: 13    Int: 15    God:
Gold:   126        SH:  0    Dex: 14    Spells: 6/7 levels left

rFire   . . .      SeeInvis .    g - staff of air
rCold   . . .      Faith    .    (no shield)
rNeg    . . .      Spirit   .    d - +0 robe
rPois   .          Reflect  .    (helmet restricted)
rElec   +          Harm     .    (no cloak)
rCorr   .          Rampage  .    (no gloves)
Will    .....                    (boots unavailable)
Stlth   ++                       (no amulet)
HPRegen 0.24/turn                (no ring)
MPRegen 0.11/turn                (no ring)

@: no status effects
A: beak, talons 3
a: no special abilities


You were on level 2 of the Dungeon.
You visited 1 branch of the dungeon, and saw 2 of its levels.

You collected 126 gold pieces.

Inventory:

Armour
 d - a +0 robe (worn)
Magical Staves
 g - a staff of air (weapon)
Scrolls
 c - a scroll of identify {unknown}
 e - a scroll of noise {unknown}
 f - a scroll of teleportation
 h - a scroll of fog {unknown}
Potions
 b - a potion of magic


   Skills:
 + Level 11.3 Staves
 - Level 3.0 Dodging
 - Level 2.0 Stealth
 - Level 2.0 Spellcasting
 - Level 2.0 Conjurations
 + Level 5.4 Air Magic


You had 6 spell levels left.
You knew the following spells:

 Your Spells              Type           Power      Damage    Failure   Level
a - Shock                 Conj/Air       72%        1d7       4%          1

Your spell library contained the following spells:

 Spells                   Type           Power      Damage    Failure   Level
 Swiftness                Air            26%        N/A       7%          3
 Static Discharge         Conj/Air       36%        2-4/arc   8%          2
 Airstrike                Air            13%        2d(2-18)  24%         4


Dungeon Overview and Level Annotations

Branches:
Dungeon (2/15)

Altars:

Annotations:
D:2 Robin


Innate Abilities, Weirdness & Mutations

You have a beak for a mouth.
You have claws for feet.


Message History

Robin roars a battlecry!
The goblin goes into a battle-frenzy!
You hear a shout!
You hit the goblin.
You kill the goblin!
Robin zaps a wand.
The puff of flame hits you.
Things that are here:
a +0 club; a goblin corpse Robin closely misses you.
You closely miss Robin.
Robin zaps a wand.
The puff of flame misses you.
You hit Robin.
Robin is lightly wounded.
Robin zaps a wand.
The puff of flame hits you!
Ouch! That really hurt!
* * * LOW HITPOINT WARNING * * *
A goblin comes into view. It is wielding a +0 club. x2
Robin barely misses you.
A goblin comes into view. It is wielding a +0 dagger.
The goblin shouts! x2
You are too injured to fight recklessly!
It was a potion of experience.
You feel more experienced!
Your Staves skill gained 11 levels and is now at level 11!
You have reached level 4!
You feel stronger.
The goblin shouts!
Robin hits you with a +0 dagger.
* * * LOW HITPOINT WARNING * * *
A goblin comes into view. It is wielding a +0 dagger.
You hear a shout!
Okay, then.
Okay, then.
The goblin attacks as you move away! The goblin completely misses you.
The goblin no longer looks unusually strong.
Things that are here:
a +0 club; a goblin corpse Robin attacks as you move away!
Robin hits you with a +0 dagger.
* * * LOW HITPOINT WARNING * * *
Robin zaps a wand.
The puff of flame hits you!
You die...

#.................### #.# #.#
#<..................## #.# #.#
#.................#..## #.###.#
#.......#........###..# ##.#....
######.###.......####.####....#.#
#.# ###...........<..>.###.# #)#
#...............###..# #.#
#.....###......####.## #.#
#######@######.#......## #####.#
#...# #.).#....###......
##.....###...# ###g#.#####...)###
#.......##...#####gg.#####.##..##
.....[...#..g.g..)g..............
.............###.#g#........##.##
............†# #.#...............
....[....#...###....######.####.#
.................##...# ##.# #..


You could see Robin and 2 goblins.

Vanquished Creatures
  An adder (D:2)
  4 ball pythons
  5 endoplasms (D:1)
  A giant cockroach (D:1)
  5 hobgoblins
  6 jackals (D:1)
  2 quokkas (D:1)
  4 bats
  3 frilled lizards
  5 goblins
  3 kobolds
  A rat (D:2)
40 creatures vanquished.

Notes
Turn   | Place    | Note
-------+----------+-------------------------------------------
     0 | D:1      | Rrauwl the Tengu Air Elementalist began the quest for the
                  | Orb.
     0 | D:1      | Reached XP level 1. HP: 10/10 MP: 4/4
   154 | D:1      | Reached XP level 2. HP: 9/15 MP: 0/6
   583 | D:1      | Reached XP level 3. HP: 19/19 MP: 7/7
   731 | D:1      | Reached skill level 5 in Air Magic
  1324 | D:2      | Noticed Robin
  1338 | D:2      | Reached skill level 11 in Staves
  1338 | D:2      | Reached XP level 4. HP: 6/24 MP: 8/8
  1340 | D:2      | Killed from afar by Robin

Illustrated notes

Levels and vault maps discovered:
D:1:      pf_arrival_petrified_forest, layout_loops_ring
D:2:      layout_rooms, uniq_robin

Skill      XL: |  1  2  3 |
---------------+----------+-----
Conjurations   | 2 |  2.0
Dodging        | 3 |  3.0
Air Magic      | 5 |  5.4
Staves         | 11 | 11.3
Stealth        | |  2.0
Spellcasting   | |  2.0

Action                     |  1- 3 |  4- 6 || total
---------------------------+-------+-------++-------
  Melee: Unarmed           |     4 |       ||     4
         Peck              |     2 |       ||     2
         Whip              |    51 |       ||    51
         Kick              |    15 |       ||    15
         Staff             |     8 |       ||     8
   Cast: Shock             |    17 |       ||    17
    Use: Potion            |     4 |       ||     4
         Scroll            |     2 |       ||     2
   Stab: Sleeping          |     5 |       ||     5
         Distracted        |     1 |       ||     1
 Armour: Robe              |    10 |       ||    10
  Dodge: Dodged            |    48 |     1 ||    49

Table legend: (Time is in decaauts)
 A = Elapsed time spent in this place.
 B = Non-inter-level travel time spent in this place.
 C = Inter-level travel time spent in this place.
 D = Time resting spent in this place.
 E = Time spent auto-exploring this place.
 F = Levels seen in this place.
 G = Mean time per level.
                   A        B        C        D        E       F      G
               +--------+--------+--------+--------+--------+-----+--------+
         Total |   1325 |   1308 |     17 |      0 |   1055 |   2 |  662.5 |
       Dungeon |   1325 |   1308 |     17 |      0 |   1055 |   2 |  662.5 |
               +--------+--------+--------+--------+--------+-----+--------+

Top non-repeatable levels by time:
     D:1: 937 daAuts
     D:2: 388 daAuts
